cohdb
Replays
Latest Replays
All Replays
Popular Replays
Top Player Replays
Match Explorer
How It Works
Community
CoH3 Stats
Reddit
Sign in to upload your games and track your stats! →
Sign in with Steam
Match 42057543
Unlisted
Match 42057543
Overview
Messages
Build Orders
End
Royal Engineer Section
Construct Section Command Post
Selects Heavy Armor Battlegroup
Dingo Light Scout Car
Dingo Light Scout Car
Infantry Section
Infantry Section
Selects Rigorous Vehicle Training
Construct Platoon Command Post
Infantry Section
Infantry Training
Selects Forward Repair Assembly
Selects Light Vehicle Withdraw and Refit
Selects Radio Net
TieLien
BIOHAZARD
0
0
Comments
sign in to comment!
No comments posted yet!